 Dungeon Crawl Stone Soup version 0.29-a0-397-g846e4a0bbc (webtiles) character file.

Game seed: 11290278428804563630

7857 zishaf the Thaumaturge (level 11, -1/85 HPs)
             Began as a Djinni Venom Mage on May 11, 2022.
             Was a Believer of Dithmenos.
             Slain by a blink frog (12 damage)
             ... in a bailey.
             The game lasted 00:29:13 (15900 turns).

zishaf the Thaumaturge (Djinni Venom Mage)         Turns: 15900, Time: 00:29:13

Health: -1/85      AC:  7    Str:  7    XL:     11   Next: 45%
Gold:   579        EV: 10    Int: 21    God:    Dithmenos [**....] SH:  9 Dex: 14

rFire   + + .      SeeInvis .   u - +5 trident (freeze)
rCold   x . .      Faith    .   w - +0 kite shield
rNeg    . . .      Spirit   .   x - +0 steam dragon scales
rPois   ∞          Reflect  .   n - +1 helmet
rElec   .          Harm     .   (no cloak)
rCorr   .          Rampage  .   (no gloves)
Will    +....                   (boots unavailable)
Stlth   ++........              (no amulet)
HPRegen 0.24/turn               (no ring)
MPRegen 0.00/turn               (no ring)

@: flying, wreathed by umbra
A: sickness immunity, fire resistance 2, cold vulnerability 1, float, innate
caster, HP casting, extra vitality 1
a: Renounce Religion, Shadow Step


You were in a bailey.
You worshipped Dithmenos.
Dithmenos was pleased with you.
You visited 2 branches of the dungeon, and saw 11 of its levels.
You also visited: Bailey.

You collected 579 gold pieces.

Inventory:

Hand Weapons
 c - a +0 dagger of venom
 u - a +5 trident of freezing (weapon)
Missiles
 f - 3 throwing nets
Armour
 a - a +0 robe
 h - the +0 leather armour of Lygufebu {rElec rC+++ Str-2 Dex-4}
   (You found it on level 2 of the Dungeon)

   Str:       It affects your strength (-2).
   Dex:       It affects your dexterity (-4).
   rC:        It renders you almost immune to cold.
   rElec:     It insulates you from electricity.
 n - a +1 helmet (worn)
 w - a +0 kite shield (worn)
 x - +0 steam dragon scales (worn)
Jewellery
 r - a +4 ring of slaying
Wands
 q - a wand of mindburst (11)
 y - a wand of acid (5)
Scrolls
 g - a scroll of blinking
 o - 2 scrolls of poison
 p - 5 scrolls of teleportation
 s - a scroll of fog
 B - a scroll of enchant weapon
Potions
 b - 3 potions of brilliance
 d - a potion of invisibility {unknown}
 e - 4 potions of cancellation
 i - 2 potions of resistance
 j - 2 potions of attraction {unknown}
 k - 2 potions of heal wounds
 l - 2 potions of curing
 t - a potion of berserk rage {unknown}
 v - a potion of lignification {unknown}
 z - a potion of might {unknown}
 A - a potion of degeneration {unknown}
Miscellaneous
 C - a lightning rod (4/4)


   Skills:
 + Level 9.8 Fighting
 - Level 2.1 Dodging
 - Level 1.5 Stealth
 + Level 5.4 Shields
 + Level 10.1 Spellcasting
 + Level 1.8 Evocations


You had 6 spell levels left.
You knew the following spells:

 Your Spells              Type           Power      Damage    Failure   Level
a - Sting                 Tmut/Pois      100%       1d8       1%          1
b - Poisonous Vapours     Pois/Air       100%       N/A       1%          2
c - Mephitic Cloud        Conj/Pois/Air  52%        N/A       1%          3
d - Olgreb's Toxic Radia  Pois           52%        N/A       2%          4
e - Apportation           Tloc           100%       N/A       1%          1
f - Scorch                Fire           100%       2d10      1%          2
g - Lesser Beckoning      Tloc           52%        N/A       1%          3
h - Petrify               Tmut/Erth      52%        N/A       2%          4
i - Ice Form              Ice/Tmut       52%        N/A       2%          4
Your spell library was empty.

Dungeon Overview and Level Annotations

Branches:
Dungeon (10/15)            Temple (1/1) D:5          Bailey (1/1)
   Lair: D:8-11         Orc: D:9-12

Altars:
Ashenzari
Cheibriados
Dithmenos
Elyvilon
Fedhas
Gozag
Hepliaklqana
Kikubaaqudgha
Makhleb
Nemelex Xobeh
Okawaru
Qazlal
Ru
Sif Muna
Trog
Uskayaw
Vehumet
Wu Jian
Xom
Yredelemnul
Zin
The Shining One

Shops:
D:4 (   D:8 :

Annotations:
D:8 2 runed translucent doors


Innate Abilities, Weirdness & Mutations

You are immune to sickness and miasma.
You are immune to poison.
Your flesh is very heat resistant. (rF++)
You are vulnerable to cold. (rC-)
You float through the air rather than walking.
You learn spells naturally, not from books.
Your magical power is your life essence.
You have superior vitality. (+4 MHP)


Message History

Casting: Mephitic Cloud (safe; 1% risk of failure)
Confirm with . or Enter, or press ? or * to list all spells.
Aiming: Mephitic Cloud (safe; 1% risk of failure)
Press: ? - help, Shift-Dir - straight line The ball explodes into a vile cloud!
The stinking cloud engulfs the vault guard but does no damage.
The vault guard is lightly wounded.
The stinking cloud engulfs the blink frog but does no damage.
The blink frog is lightly wounded.
You block the blink frog's attack.
The vault guard is engulfed in noxious fumes.
The vault guard appears confused.
The vault guard is engulfed in noxious fumes.
The vault guard appears confused.
A vault guard comes into view. It is wielding a +0 broad axe.
The blink frog blinks!
There is an open door here.
Casting: Mephitic Cloud (safe; 1% risk of failure)
Confirm with . or Enter, or press ? or * to list all spells.
Aiming: Poisonous Vapours (safe; 1% risk of failure)
Press: ? - help, Dir - move target, f - blink frog
Aim: a blink frog (lightly wounded, very poisoned) Poisonous vapours surround the blink frog!
The blink frog looks as sick as possible!
The blink frog blinks!
The vault guard is engulfed in noxious fumes.
You block the blink frog's attack. The blink frog hits you!
* * * LOW HITPOINT WARNING * * *
The blink frog blinks!
Things that are here:
a +0 hand axe; a +0 leather armour; a goblin skeleton You block the blink frog's attack.
There is an open door here.
The blink frog closely misses you. The blink frog hits you!
* * * LOW HITPOINT WARNING * * *
The blink frog blinks!
The vault guard seems less confused.
The blink frog hits you!
You die...

##########
##≈≈≈##...##
#≈≈≈≈≈#....##
#####≈≈≈≈p')....##
##...##F@≈≈#......#
#..∩..'[))##....###
#....)######..###≈≈≈
#..∩..+....#p## ≈≈≈
##...##......# ≈≈≈≈
#####.......# ≈≈≈≈≈
#..p#######≈≈...
#..##..#≈≈≈≈...≈
#...#.[#).......


You could see a vault guard (poisoned) and a blink frog (very poisoned).

Vanquished Creatures
  A two-headed ogre (D:8)
  Joseph (D:7)
  2 unseen horrors
  Prince Ribbit (D:6)
  A hornet (D:10)
  A shadow (D:9)
  3 humans (Bailey)
  5 yaks
  A vampire (D:9)
  A wraith (D:6)
  Grum (D:8)
  3 steam dragons
  Duvessa (D:7)
  3 water moccasins
  5 orc warriors
  5 black bears
  An ice beast (D:6)
  3 sky beasts
  2 ogres
  3 wolves (D:8)
  2 phantoms
  10 bullfrogs
  2 scorpions
  2 necrophages
  2 gnoll sergeants
  3 wights (D:7)
  Dowan (D:7)
  4 killer bees (D:9)
  13 howler monkeys
  6 hounds
  3 jellies
  2 orc priests
  3 iguanas
  10 orc wizards
  10 adders
  21 gnolls
  A shadow imp (D:6)
  5 white imps
  2 ufetubi
  4 worms
  2 dart slugs (D:5)
  23 orcs
  6 ball pythons
  3 bats
  4 endoplasms
  6 giant cockroaches
  8 goblins
  5 hobgoblins
  6 jackals
  3 quokkas
  3 frilled lizards
  8 kobolds
  3 rats
230 creatures vanquished.

Vanquished Creatures (others)
  3 toadstools (D:5)
3 creatures vanquished.

Grand Total: 233 creatures vanquished

Notes
Turn   | Place    | Note
-------+----------+-------------------------------------------
     0 | D:1      | zishaf the Djinni Venom Mage began the quest for the Orb.
     0 | D:1      | Reached XP level 1. HP: 15/15 MP: 0/0
   269 | D:1      | Found a faded altar of an unknown god.
   281 | D:1      | Reached XP level 2. HP: 16/22 MP: 0/0
   287 | D:1      | Reached skill level 1 in Fighting
  1121 | D:1      | Reached XP level 3. HP: 26/27 MP: 0/0
  1121 | D:1      | Learned a level 1 spell: Apportation
  1586 | D:2      | Identified the +0 leather armour of Lygufebu {rElec rC+++
                  | Str-2 Dex-4}
  1694 | D:2      | Reached skill level 3 in Spellcasting
  1999 | D:2      | Reached XP level 4. HP: 23/33 MP: 0/0
  2314 | D:2      | Noticed a scorpion
  2325 | D:2      | Killed a scorpion
  2326 | D:2      | Reached XP level 5. HP: 14/39 MP: 0/0
  2326 | D:2      | Learned a level 2 spell: Scorch
  3132 | D:3      | Reached skill level 4 in Spellcasting
  3140 | D:3      | Reached XP level 6. HP: 17/46 MP: 0/0
  4498 | D:4      | Noticed an ogre
  4781 | D:4      | Reached XP level 7. HP: 47/51 MP: 0/0
  4781 | D:4      | Learned a level 3 spell: Lesser Beckoning
  4798 | D:4      | Reached skill level 5 in Spellcasting
  5270 | D:4      | Found Ulleenupp's Weapon Emporium.
  5714 | D:4      | Reached XP level 8. HP: 45/58 MP: 0/0
  6044 | D:5      | Entered Level 5 of the Dungeon
  6319 | D:5      | Reached skill level 5 in Fighting
  6319 | D:5      | Reached skill level 6 in Spellcasting
  6770 | D:5      | Found a staircase to the Ecumenical Temple.
  6779 | Temple   | Entered the Ecumenical Temple
  6979 | Temple   | Became a worshipper of Hepliaklqana the Forgotten
  7294 | Temple   | Fell from the grace of Hepliaklqana
  7294 | Temple   | Became a worshipper of Dithmenos the Shadowed
  8038 | D:6      | Found a hide-covered altar of Uskayaw.
  8198 | D:6      | Noticed Prince Ribbit
  8226 | D:6      | Killed Prince Ribbit
  8480 | D:6      | Noticed a wraith
  8490 | D:6      | Killed a wraith
  9175 | D:7      | Noticed Duvessa
  9178 | D:7      | Noticed Dowan
  9189 | D:7      | Killed Duvessa
  9451 | D:7      | Killed Dowan
  9645 | D:7      | Was forgiven by Hepliaklqana
  9706 | D:7      | Reached XP level 9. HP: 61/66 MP: 0/0
  9706 | D:7      | Learned a level 4 spell: Petrify
  9748 | D:7      | Reached skill level 7 in Spellcasting
 10630 | D:7      | Reached * piety under Dithmenos
 10808 | D:7      | Noticed Joseph
 10819 | D:7      | Killed Joseph
 10820 | D:7      | Reached skill level 8 in Spellcasting
 11168 | D:8      | Noticed Grum
 11196 | D:8      | Reached XP level 10. HP: 13/75 MP: 0/0
 11196 | D:8      | HP: 3/75 [water moccasin (6)]
 11807 | D:8      | Found a runed translucent door.
 11814 | D:8      | Reached skill level 9 in Spellcasting
 11814 | D:8      | Found a runed translucent door.
 11820 | D:8      | Killed Grum
 12268 | D:8      | Found Zeg Sumiph's Book Boutique.
 12273 | D:8      | Noticed a two-headed ogre
 12283 | D:8      | Killed a two-headed ogre
 14426 | D:9      | Reached XP level 11. HP: 67/84 MP: 0/0
 14426 | D:9      | Learned a level 4 spell: Ice Form
 14749 | D:9      | Reached ** piety under Dithmenos
 15197 | D:10     | Entered Level 10 of the Dungeon
 15213 | D:10     | Noticed a two-headed ogre
 15227 | D:10     | Reached skill level 10 in Spellcasting
 15315 | D:10     | Found a flagged portal.
 15497 | Bailey   | Entered a bailey
 15503 | Bailey   | Reached skill level 5 in Shields
 15513 | Bailey   | Reached skill level 1 in Evocations
 15868 | Bailey   | Noticed a vault guard
 15891 | Bailey   | Noticed a vault guard
 15900 | Bailey   | Slain by a blink frog

Illustrated notes

Levels and vault maps discovered:
D:1:      amcnicky_arrival_double_pillar, layout_loops_ring,
          hellmonk_ecumenical_altar_dog_temple, hangedman_glass_teeth
D:2:      layout_basic
D:3:      layout_basic
D:4:      layout_cave_pools, serial_shops, nicolae_shop_stone,
          hangedman_decor_push
D:5:      layout_basic, minmay_temple_entry_junction, minmay_gold_behind_fungi
D:6:      layout_cave_pools, nicolae_uskayaw_suspiria, uniq_prince_ribbit1
D:7:      layout_basic, uniq_joseph, uniq_duvessa
D:8:      lemuel_insect_pit, layout_loops_cross, serial_shops,
          nicolae_take_the_stairs, uniq_grum
D:9:      layout_stronghold
D:10:     layout_cave_pools, erik_lair_island, enter_bailey_8
Temple:   minmay_crystal_snake_temple
Bailey:   bailey_axe_froggy_fort_hellmonk, bailey

Skill      XL: |  1  2  3  4  5  6  7  8  9 10 11 |
---------------+----------------------------------+-----
Fighting       | 1 2 3 4 5 7 9 |  9.8
Spellcasting   | 3 4 5 6 8 9 10 | 10.1
Shields        | 3 5 |  5.4
Evocations     | 1 |  1.8
Dodging        | |  2.1
Stealth        | |  1.5

Action                   |  1- 3 |  4- 6 |  7- 9 | 10-12 || total
-------------------------+-------+-------+-------+-------++-------
Melee: Dagger            |     6 |     1 |     2 |       ||     9
       Punch             |       |     1 |       |       ||     1
       Trident           |       |       |    23 |    43 ||    66
 Cast: Sting             |    69 |     8 |       |       ||    77
       Poisonous Vapours |       |    23 |    25 |    31 ||    79
       Scorch            |       |    45 |   180 |    99 ||   324
       Mephitic Cloud    |       |     2 |    18 |    17 ||    37
       Olgreb's Toxic Ra |       |       |     1 |     5 ||     6
       Petrify           |       |       |     2 |     3 ||     5
  Use: Scroll            |       |     5 |     7 |     4 ||    16
       Potion            |       |       |       |     1 ||     1
 Stab: Confused          |       |       |       |     3 ||     3
Armor: Robe              |     5 |       |       |       ||     5
       Leather armour    |       |     1 |    18 |     7 ||    26
       Steam dragon scal |       |       |       |    16 ||    16
Dodge: Dodged            |    33 |    18 |    76 |    31 ||   158
Block: Kite shield       |       |       |       |    33 ||    33

Table legend: (Time is in decaauts)
 A = Elapsed time spent in this place.
 B = Non-inter-level travel time spent in this place.
 C = Inter-level travel time spent in this place.
 D = Time resting spent in this place.
 E = Time spent auto-exploring this place.
 F = Levels seen in this place.
 G = Mean time per level.
                   A        B        C        D        E       F      G
               +--------+--------+--------+--------+--------+-----+--------+
         Total |  15948 |  15263 |    685 |   4289 |   8979 |  12 | 1329.0 |
       Dungeon |  15268 |  14690 |    578 |   4057 |   8840 |  10 | 1526.8 |
        Temple |    268 |    162 |    106 |      0 |    139 |   1 |  268.0 |
        Bailey |    411 |    411 |      0 |    232 |      0 |   1 |  411.0 |
               +--------+--------+--------+--------+--------+-----+--------+

Top non-repeatable levels by time:
     D:3: 2361 daAuts
     D:8: 2160 daAuts
     D:7: 2084 daAuts
     D:9: 1615 daAuts
     D:5: 1601 daAuts
     D:1: 1560 daAuts
     D:6: 1507 daAuts
     D:2: 1329 daAuts
     D:4: 796 daAuts
  Bailey: 411 daAuts
  Temple: 268 daAuts
    D:10: 251 daAuts
